 Dungeon Crawl Stone Soup version 0.26.1-2-gb8aa6d0cf2 (webtiles) character file.

Game seed: 3745142352179102020

2712 Gadfly the Agnostic (level 9, -2/63 HPs)
             Began as a Demonspawn Monk on Feb 9, 2021.
             Hit by a large rock thrown by a cyclops (21 damage)
             ... on level 7 of the Dungeon.
             The game lasted 00:12:26 (8187 turns).

Gadfly the Agnostic (Demonspawn Monk)               Turns: 8187, Time: 00:12:26

Health: -2/63      AC: 23    Str: 15    XL:     9   Next: 39%
Magic:  0/15       EV:  5    Int: 12    God:
Gold:   208        SH:  0    Dex: 15    Spells: 8/8 levels left

rFire    . . .     SeeInvis .   b - +1 short sword (elec)
rCold    + . .     Faith    .   (no shield)
rNeg     . . .     Spirit   +   x - +0 plate armour
rPois    .         Reflect  .   (helmet restricted)
rElec    .         Harm     .   g - +1 cloak
rCorr    .         Rampage  .   w - +0 pair of gloves {archery}
Will     +....                  (no boots)
Stlth    ..........             r - amulet of guardian spirit
HPRegen  0.20/turn              d - +4 ring of protection
MPRegen  0.14/turn              t - ring of willpower

@: no status effects
A: antennae 1, talons 1, icy blue scales 2, cold resistance 1, spiny 1,
MP-powered wands
a: no special abilities


You were on level 7 of the Dungeon.
You visited 2 branches of the dungeon, and saw 8 of its levels.

You collected 486 gold pieces.
You spent 278 gold pieces at shops.

Inventory:

Hand Weapons
 a - a +0 war axe
 b - a +1 short sword of electrocution (weapon)
 e - a +3 quarterstaff of chaos
Armour
 g - a +1 cloak (worn)
 w - a +0 pair of gloves of archery (worn)
 x - a +0 plate armour (worn)
Jewellery
 d - a +4 ring of protection (left hand)
 i - an uncursed ring of see invisible
 r - an amulet of guardian spirit (around neck)
 t - a ring of willpower (right hand)
Wands
 c - a wand of acid (4)
 m - a wand of digging (4)
 p - a wand of flame (2) (quivered)
 v - a wand of iceblast (8)
 y - a wand of paralysis (8)
Scrolls
 f - 4 scrolls of fog
 h - a scroll of remove curse
 j - 4 scrolls of magic mapping
 o - a scroll of blinking
 u - a scroll of teleportation
Potions
 k - 2 potions of attraction
 l - a potion of might
 n - a potion of mutation
 q - 2 potions of flight
 s - 3 potions of lignification
 A - 2 potions of curing


   Skills:
 - Level 3.0 Fighting
 + Level 5.3 Axes
 * Level 6.1 Armour
 - Level 2.6 Dodging
 - Level 1.7 Stealth
 * Level 8.8 Invocations
 * Level 6.8 Evocations


You had 8 spell levels left.
You didn't know any spells.
Your spell library contained the following spells:

 Spells                   Type           Power        Failure   Level
 Foxfire                  Conj/Fire      0%           100%        1
 Conjure Flame            Conj/Fire      0%           100%        3
 Inner Flame              Hex/Fire       0%           100%        3
 Sticky Flame             Conj/Fire      0%           100%        4
 Fireball                 Conj/Fire      0%           100%        5


Dungeon Overview and Level Annotations

Branches:
Dungeon (7/15)             Temple (1/1) D:6

Altars:
Ashenzari
Cheibriados
Dithmenos
Elyvilon
Fedhas
Hepliaklqana
Kikubaaqudgha
Makhleb
Nemelex Xobeh
Okawaru
Ru
Sif Muna
Trog
Uskayaw
Vehumet
Wu Jian
Xom
Yredelemnul
Zin
The Shining One

Shops:
D:4 !=?*


Innate Abilities, Weirdness & Mutations

You have a pair of small antennae on your head.
You are mostly covered in icy blue scales. (AC +3)
Your flesh is cold resistant. (rC+)
You are partially covered in sharp spines.
You have sharp toenails.
You expend magic power (3 MP) to strengthen your wands.


Message History

The big kobold hits you.
You hit the big kobold.
Lightning courses through the big kobold!
You kill the big kobold!
The cyclops hits you!!
You hear a bark!
You hit the cyclops but do no damage. Lightning courses through the cyclops!
You claw the cyclops, but do no damage.
The cyclops is lightly wounded.
You barely miss the cyclops.
The cyclops is lightly wounded.
The cyclops hits you!!
A jackal comes into view.
The jackal bites you.
The jackal barks!
You are too injured to fight recklessly!
You are too injured to fight recklessly!
Unknown command.
The cyclops throws a large rock.
The large rock hits you!!
You die...

...#.. #...<.. ...#.
###......
............... ##.
...#..###...... ...
... ........... #.#
###h#####.###.....
...#.hC..#8...8#..###
#.#.#.....#.....#..#
#...@.[.)...8.....#
#.#.#.(...#.....#.##
.. #.?)..#8...8#.####
#. ###.#####.###.....
.. #.....#...........
.#
#.#.⌠.⌠.#...........
#....⌠..............
#.#.⌠.⌠.#...........
#.#.....#...........


You could see a cyclops and 2 jackals.

Vanquished Creatures
  Joseph (D:7)
  A wyvern (D:7)
  Sigmund (D:5)
  A black bear (D:6)
  A phantom (D:5)
  An ice beast (D:7)
  4 ogres
  4 centaurs
  Blork the orc (D:5)
  2 big kobolds (D:7)
  2 bullfrogs
  A scorpion (D:4)
  2 orc priests (D:6)
  A jelly (D:5)
  5 hounds
  4 orc wizards
  Crazy Yiuf (D:2)
  2 iguanas
  Ijyb (D:5)
  Natasha (thrice) (D:1)
  4 worker ants
  A hound zombie (D:7)
  A gnoll (D:4)
  7 adders
  A shadow imp (D:7)
  2 white imps
  2 ufetubi
  A worm (D:2)
  2 dart slugs
  4 leopard geckos
  7 orcs
  10 giant cockroaches
  7 goblins
  7 hobgoblins
  19 kobolds
  2 quokkas
  3 bats
  6 frilled lizards
  7 rats
132 creatures vanquished.

Notes
Turn   | Place    | Note
-------+----------+-------------------------------------------
     0 | D:1      | Gadfly the Demonspawn Monk began the quest for the Orb.
     0 | D:1      | Reached XP level 1. HP: 18/18 MP: 1/1
   164 | D:1      | Reached skill level 1 in Invocations
   166 | D:1      | Gained mutation: You are partially covered in icy blue
                  | scales. (AC +2) [demonic ancestry]
   166 | D:1      | Reached XP level 2. HP: 20/24 MP: 2/2
   365 | D:1      | Reached skill level 1 in Evocations
   427 | D:1      | HP: 1/24 [kobold/+1 short sword of electrocution (14)]
   433 | D:1      | HP: 1/24 [kobold/+1 short sword of electrocution (1)]
   435 | D:1      | Reached skill level 1 in Armour
   992 | D:1      | Gained mutation: Your flesh is cold resistant. (rC+)
                  | [demonic ancestry]
   992 | D:1      | Reached XP level 3. HP: 29/29 MP: 4/4
  1332 | D:2      | Noticed Natasha
  1366 | D:1      | Killed Natasha
  1367 | D:1      | Reached skill level 2 in Invocations
  1649 | D:2      | Reached XP level 4. HP: 24/35 MP: 5/5
  2368 | D:2      | Found a runed translucent door.
  2369 | D:2      | Noticed Crazy Yiuf
  2519 | D:2      | Killed Crazy Yiuf
  2855 | D:3      | Reached XP level 5. HP: 37/41 MP: 5/7
  2861 | D:3      | Reached skill level 3 in Invocations
  3354 | D:3      | Found a broken altar of Ashenzari.
  3870 | D:4      | Found Fulues's Magic Scroll Shoppe.
  3885 | D:4      | Bought a scroll of remove curse for 39 gold pieces
  3887 | D:4      | Bought a scroll of random uselessness for 13 gold pieces
  3898 | D:4      | Found Tuethrunt's General Store.
  4064 | D:1      | Noticed Natasha
  4076 | D:1      | Killed Natasha
  4225 | D:1      | Noticed Natasha
  4229 | D:1      | Killed Natasha
  4321 | D:4      | Gained mutation: You have a pair of small antennae on your
                  | head. [demonic ancestry]
  4321 | D:4      | Reached XP level 6. HP: 41/47 MP: 8/8
  4557 | D:4      | Reached skill level 4 in Invocations
  4576 | D:4      | Bought a scroll of magic mapping for 35 gold pieces
  4576 | D:4      | Bought a potion of attraction for 30 gold pieces
  4576 | D:4      | Bought a potion of might for 40 gold pieces
  4939 | D:4      | Found Bausch's Distillery.
  4949 | D:4      | Bought a potion of mutation for 88 gold pieces
  4988 | D:4      | Found Pulegag's Jewellery Shoppe.
  5214 | D:5      | Entered Level 5 of the Dungeon
  5332 | D:4      | Got a scorched scale mail
  5343 | D:4      | Identified the +1 scale mail of the Cartwright {Stlth+}
                  | (You found it on level 4 of the Dungeon)
  5408 | D:5      | Noticed Sigmund
  5408 | D:5      | Noticed Ijyb
  5419 | D:4      | Gained mutation: You are partially covered in sharp spines.
                  | [demonic ancestry]
  5419 | D:4      | Reached XP level 7. HP: 22/52 MP: 10/10
  5601 | D:4      | Reached skill level 5 in Invocations
  5663 | D:5      | Killed Sigmund
  5671 | D:5      | Killed Ijyb
  5991 | D:5      | Reached skill level 6 in Invocations
  6033 | D:5      | Noticed Blork the orc
  6035 | D:5      | Found a blossoming altar of Fedhas.
  6042 | D:5      | Killed Blork the orc
  6043 | D:5      | Reached XP level 8. HP: 58/58 MP: 12/12
  6445 | D:4      | Bought a potion of lignification for 33 gold pieces
  6536 | D:6      | Reached skill level 5 in Evocations
  6563 | D:6      | Found a staircase to the Ecumenical Temple.
  6577 | Temple   | Entered the Ecumenical Temple
  7011 | D:6      | Reached skill level 5 in Armour
  7011 | D:6      | Reached skill level 7 in Invocations
  7445 | D:6      | Found a glowing silver altar of Zin.
  7445 | D:6      | Noticed an angel
  7454 | D:6      | Gained mutation: You have sharp toenails. [potion of
                  | mutation]
  7454 | D:6      | Gained mutation: You expend magic power (3 MP) to
                  | strengthen your wands. [potion of mutation]
  7526 | D:7      | Gained mutation: You are mostly covered in icy blue scales.
                  | (AC +3) [demonic ancestry]
  7526 | D:7      | Reached XP level 9. HP: 37/63 MP: 10/14
  7532 | D:7      | Reached skill level 5 in Axes
  7532 | D:7      | Reached skill level 8 in Invocations
  7708 | D:7      | Noticed Joseph
  7720 | D:7      | Killed Joseph
  7972 | D:7      | Found a sparkling altar of Nemelex Xobeh.
  7980 | D:7      | Found a bloodstained altar of Trog.
  7981 | D:7      | Found a burning altar of Makhleb.
  7981 | D:7      | Found a sacrificial altar of Ru.
  7983 | D:7      | Found a snail-covered altar of Cheibriados.
  7984 | D:7      | Found an ancient bone altar of Kikubaaqudgha.
  8058 | D:7      | Found a shimmering altar of Xom.
  8082 | D:7      | Found a glowing golden altar of the Shining One.
  8177 | D:7      | Noticed a cyclops
  8187 | D:7      | Hit by a large rock thrown by a cyclops

Illustrated notes

Levels and vault maps discovered:
D:1:      evilmike_arrival_fibonacci_small, layout_basic, minmay_tetromino_s2
D:2:      layout_basic, uniq_crazy_yiuf_cottage, uniq_natasha
D:3:      layout_loops_ring, ashenzari_altar_1
D:4:      layout_gridville, serial_shops, shop, shop_coins, shop, shop,
          cheibrodos_gnoll_hut
D:5:      layout_rooms, fedhas_altar_2, uniq_ijyb, uniq_blork_the_orc,
          uniq_sigmund
D:6:      layout_loops_ring, zin_angel, minmay_temple_entry_wispy
D:7:      layout_rooms, nicolae_overflow_hidden_temple, minitemple,
          kennysheep_little_box, minmay_chambers_of_fives, uniq_joseph
Temple:   nicolae_temple_figure_zero

Skill      XL: |  1  2  3  4  5  6  7  8  9 |
---------------+----------------------------+-----
Invocations    | 1 2 3 4 6 7 8 |  8.8
Evocations     | 1 2 3 4 6 |  6.8
Armour         | 1 2 3 4 5 6 |  6.1
Axes           | 3 4 5 |  5.3
Fighting       | |  3.0
Dodging        | |  2.6
Stealth        | |  1.7

Action                   |  1- 3 |  4- 6 |  7- 9 || total
-------------------------+-------+-------+-------++-------
Melee: Hand axe          |   142 |   182 |       ||   324
       Short sword       |    12 |    55 |   176 ||   243
       Kick              |       |       |    12 ||    12
Evoke: Wand              |       |       |     1 ||     1
  Use: Scroll            |     5 |     5 |     1 ||    11
       Potion            |     1 |     2 |     4 ||     7
 Stab: Invisible         |       |     2 |       ||     2
Armor: Chain mail        |   126 |   164 |   108 ||   398
       Plate armour      |       |       |    19 ||    19
Dodge: Dodged            |    68 |    80 |    76 ||   224
